 Dungeon Crawl Stone Soup version 0.20.0-8-g6b59dc7 (webtiles) character file.

971 sakkata the Cleaver (level 7, -4/58 HPs)
             Began as a Minotaur Berserker on June 1, 2017.
             Was a Priest of Trog.
             Slain by a gnoll
             ... wielding a +1 spear of flaming
              (5 damage)
             ... on level 4 of the Dungeon.
             The game lasted 00:16:58 (2926 turns).

sakkata the Cleaver (Minotaur Berserker)            Turns: 2926, Time: 00:17:00

Health: -4/58      AC:  8    Str: 23    XL:     7   Next: 94%
Magic:  6/6        EV:  8    Int:  4    God:    Trog [***...]
Gold:   191        SH:  0    Dex: 10    Spells: 6/6 levels left

rFire    . . .     SeeInvis .   a - +0 hand axe
rCold    . . .     Gourm    .   (no shield)
rNeg     . . .     Faith    .   l - +0 chain mail {rPois}
rPois    +         Spirit   .   (helmet restricted)
rElec    .         Reflect  .   (no cloak)
rCorr    .         Harm     .   (no gloves)
MR       .....                  (no boots)
Stlth    ..........             (no amulet)
Regen    0.2/turn               (no ring)
MPRegen  0.1/turn               (no ring)

@: berserk cooldown, slowed, very slow
A: retaliatory headbutt, horns 2
a: Berserk, Trog's Hand, Burn Spellbooks, Renounce Religion


You were on level 4 of the Dungeon.
You worshipped Trog.
Trog was most pleased with you.
You were very hungry.

You visited 1 branch of the dungeon, and saw 4 of its levels.

You collected 191 gold pieces.

Inventory:

Hand Weapons
 a - a +0 hand axe (weapon)
 p - a +0 halberd
Armour
 l - a +0 chain mail of poison resistance (worn)
Wands
 q - a wand of flame (39/48)
Scrolls
 b - 5 scrolls of remove curse
 g - 2 scrolls of recharging
 j - a scroll of identify
 o - a scroll of immolation
Potions
 e - a potion of magic {unknown}
 h - 2 potions of curing {unknown}
 k - a potion of agility {unknown}
 m - a potion of invisibility {unknown}
 n - a potion of heal wounds {unknown}
 r - 3 potions of might {unknown}
Comestibles
 c - 3 bread rations
 d - 3 royal jellies
 f - a meat ration
 i - a chunk of flesh


   Skills:
 - Level 3.9 Fighting
 + Level 11.0 Axes
 - Level 2.4 Armour
 - Level 2.2 Dodging
 + Level 1.5 Stealth


You had 6 spell levels left.
You didn't know any spells.

Dungeon Overview and Level Annotations

Branches:
Dungeon (4/15)
 Temple: D:4-7

Altars:
Yredelemnul


Innate Abilities, Weirdness & Mutations

You reflexively headbutt those who attack you in melee.
You have a pair of horns on your head.


Message History

You feel yourself slow down.
There is an open door here.
You closely miss the gnoll shaman. The gnoll shaman hits you with a club.
* * * LOW HITPOINT WARNING * * *
You hit the gnoll shaman. Your headbutt misses the gnoll shaman.
The gnoll shaman is moderately wounded.
You barely miss the gnoll. Your headbutt misses the gnoll.
Your chain mail prevents you from hitting the gnoll shaman.
The gnoll barely misses you.
The gnoll shaman hits you but does no damage.
The gnoll hits you with a club.
* * * LOW HITPOINT WARNING * * *
The gnoll hits you but does no damage.
You barely miss the gnoll. You headbutt the gnoll.
The gnoll is moderately wounded.
You hit the gnoll shaman.
The gnoll shaman hits you but does no damage.
The gnoll barely misses you.
The gnoll hits you from afar with a spear of flaming.
You die...

...'....'....).)...)'.#
##
...#...)#...........#.#
#.
#####################)#
## ........+.#......#
.......g#.#......# ##
.....gg.#.##'###.# #.
.....g))#.#....#.# ##
######g###g...#.# .
#.....gggg@...#+#
#####################
..............
≈≈≈≈≈≈≈≈≈≈≈≈≈≈
≈≈≈≈≈≈≈≈≈≈≈≈≈≈
÷≈≈≈≈)≈≈≈≈≈≈≈≈
÷.÷.........P.
..............
##############


You could see a gnoll shaman and 5 gnolls.

Vanquished Creatures
  Sigmund (D:3)
  The ghost of scalarboson the Cudgeler, an amateur GrMo (D:3)
  A phantom (D:4)
  An ogre (D:4)
  A howler monkey (D:4)
  Jessica (D:2)
  Terence (D:2)
  A worker ant (D:3)
  30 gnolls
  2 adders (D:3)
  2 oozes
  4 worms
  5 dart slugs
  2 leopard geckos
  2 orcs
  2 ball pythons
  A giant cockroach (D:2)
  7 hobgoblins
  13 jackals (D:4)
  4 kobolds
  4 bats
  6 frilled lizards
  10 goblins
  8 rats
110 creatures vanquished.

Notes
Turn   | Place    | Note
-------+----------+-------------------------------------------
     0 | D:1      | sakkata the Minotaur Berserker began the quest for the Orb.
     0 | D:1      | Reached XP level 1. HP: 19/19 MP: 0/0
   372 | D:1      | Reached XP level 2. HP: 26/27 MP: 1/1
   397 | D:1      | Reached skill level 4 in Axes
   508 | D:1      | Reached XP level 3. HP: 33/33 MP: 2/2
   905 | D:2      | Noticed Jessica
   910 | D:2      | Killed Jessica
   910 | D:2      | Reached skill level 5 in Axes
   955 | D:2      | Reached ** piety under Trog
   955 | D:2      | Reached XP level 4. HP: 40/40 MP: 3/3
  1033 | D:2      | Noticed Terence
  1037 | D:2      | Killed Terence
  1037 | D:2      | Reached skill level 6 in Axes
  1338 | D:3      | Noticed Sigmund
  1350 | D:3      | Killed Sigmund
  1350 | D:3      | Reached skill level 7 in Axes
  1350 | D:3      | Reached XP level 5. HP: 46/46 MP: 4/4
  1350 | D:3      | Reached XP level 6. HP: 52/52 MP: 5/5
  1436 | D:3      | Reached skill level 8 in Axes
  1504 | D:3      | Noticed scalarboson's ghost (amateur GrMo)
  1516 | D:3      | Killed scalarboson's ghost
  1803 | D:3      | Reached skill level 9 in Axes
  1987 | D:3      | Found a faded altar of an unknown god.
  2033 | D:3      | Reached skill level 1 in Stealth
  2307 | D:4      | Reached *** piety under Trog
  2307 | D:4      | Reached XP level 7. HP: 51/58 MP: 6/6
  2382 | D:4      | Found a basalt altar of Yredelemnul.
  2639 | D:4      | Reached skill level 10 in Axes
  2915 | D:4      | Reached skill level 11 in Axes
  2925 | D:4      | HP: 1/58 [gnoll/club (5)]
  2926 | D:4      | Slain by a gnoll

Skill      XL: |  1  2  3  4  5  6  7 |
---------------+----------------------+-----
Axes           | 4 5 7 9 11 | 11.0
Stealth        | 1 |  1.5
Fighting       | |  3.9
Armour         | |  2.4
Dodging        | |  2.2

Action                   |  1- 3 |  4- 6 |  7- 9 || total
-------------------------+-------+-------+-------++-------
Melee: Hand axe          |    48 |   126 |    99 ||   273
       Headbutt          |     5 |    18 |    22 ||    45
Invok: Berserk           |       |     3 |     1 ||     4
  Use: Scroll            |       |     6 |       ||     6
  Eat: Chunk             |       |     2 |     2 ||     4
       Bread ration      |       |     1 |       ||     1
       Fruit             |       |     1 |       ||     1
Armor: Leather armour    |     4 |       |       ||     4
       Scale mail        |    13 |     3 |       ||    16
       Chain mail        |       |    46 |    32 ||    78
Dodge: Dodged            |    29 |    37 |    51 ||   117
